 Dungeon Crawl Stone Soup version 0.29.0-4-gdea44cf6ec (webtiles) character file.

Game seed: 11807573709453086142

4 qw the Caller (level 1, -2/14 HPs)
             Began as a Ghoul Summoner on Sept 9, 2022.
             Slain by a quokka (5 damage)
             ... on level 1 of the Dungeon.
             The game lasted 00:00:04 (115 turns).

qw the Caller (Ghoul Summoner)                       Turns: 115, Time: 00:00:05

Health: -2/14      AC:  2    Str: 11    XL:     1   Next: 60%
Magic:  0/2        EV:  9    Int: 10    God:
Gold:   39         SH:  0    Dex:  9    Spells: 2/3 levels left

rFire   . . .      SeeInvis .   d - +0 mace
rCold   + . .      Faith    .   (no shield)
rNeg    + + +      Spirit   .   a - +0 robe
rPois   inf        Reflect  .   (no helmet)
rElec   .          Harm     .   (no cloak)
rCorr   .          Rampage  .   (no gloves)
Will    .....                   (no boots)
Stlth   ++........              (no amulet)
HPRegen 0.00/turn               (no ring)
MPRegen 0.08/turn               (no ring)

@: inhibited regen, constricted
A: claws 1, cold resistance 1, negative energy resistance 3, inhibited
regeneration, torment resistance 2, devour on kill
a: no special abilities


You were on level 1 of the Dungeon.
You visited 1 branch of the dungeon, and saw 1 of its levels.

You collected 39 gold pieces.


Innate Abilities, Weirdness & Mutations

You are immune to poison.
You have sharp fingernails.
Your flesh is cold resistant. (rC+)
You are immune to negative energy. (rN+++)
You do not regenerate when monsters are visible.
You are immune to unholy pain and torment.
You thrive by killing the living.


   Skills:
 + Level 0.0 Fighting
 - Level 1.0 Axes
 - Level 1.7 Dodging
 - Level 2.1 Stealth
 - Level 1.7 Spellcasting
 - Level 3.6 Summonings


You had 2 spell levels left.
You knew the following spells:

 Your Spells              Type           Power      Damage    Failure   Level
a - Summon Small Mammal   Summ           32%        N/A       8%          1

Your spell library contained the following spells:

 Spells                   Type           Power      Damage    Failure   Level
 Call Imp                 Summ           8%         N/A       11%         2
 Call Canine Familiar     Summ           8%         N/A       22%         3
 Summon Guardian Golem    Hex/Summ       4%         N/A       43%         3
 Summon Lightning Spire   Summ/Air       4%         N/A       83%         4

Inventory:

Hand Weapons
 d - a +0 mace (weapon)
Armour
 a - a +0 robe (worn)
Scrolls
 c - a scroll of silence {unknown}
 e - a scroll of immolation {unknown}
Potions
 b - a potion of magic

Dungeon Overview and Level Annotations

Branches:
Dungeon (1/15)

Altars:


Message History

The ball python bites your bat.
Your bat dies!
Your bat's corpse disappears in a puff of smoke!
A ball python comes into view.
You barely miss the quokka. The quokka bites you. The ball python misses you.
The ball python barely misses you. The quokka closely misses you.
The ball python closely misses you. The ball python misses you.
108 ||| Stepping ~*~*~tactically~*~*~ (outnumbered).
Something bites your bat. The ball python barely misses your bat.
The ball python closely misses your bat.
Something bites your bat. The ball python bites your bat.
Your bat dies!
Your bat's corpse disappears in a puff of smoke!
The quokka bites you.
You closely miss the quokka. The quokka closely misses you.
A rat comes into view.
You barely miss the ball python. The quokka closely misses you.
The ball python bites you. The ball python misses you. The quokka bites you.
The rat moves out of view.
113 ||| CASTING Summon Small Mammal
Casting: Summon Small Mammal (safe; 8% risk of failure)
Confirm with . or Enter, or press ? or * to list all spells.
The hobgoblin hits your bat.
Your bat dies!
Your bat's corpse disappears in a puff of smoke!
The quokka barely misses you.
The ball python bites you but does no damage.
The ball python misses you.
You closely miss the ball python. The quokka barely misses you.
The ball python misses you.
The ball python closely misses you. x3; The quokka bites you.
The ball python closely misses you. The ball python barely misses you.
The ball python bites you. The ball python grabs you.
The ball python constricts you.
You hit the ball python.
The ball python is moderately wounded.
The quokka bites you.
You die...

.. ... ..
##.#.#.#.#.#.#.#
#.............. #
##.#.#.#.#.#.# ##.
#............ #..
##.#.#.#.#.#.#.#
#####.##
#.....g..(......
...#...####.#.#S#r#
.P.......##..#.S@#.#
^.7P...77......#.#.#
........P......#.#.#
..7P..7....7#..#.#.#
........PP###..#.#..
P...####### ...#.###
....# ..#.#.. #''##
.##.### P...##+# .#


You could see a quokka, a hobgoblin and 2 ball pythons.

Vanquished Creatures
  A dart slug (D:1)
  An endoplasm (D:1)
2 creatures vanquished.

Notes
Turn   | Place    | Note
-------+----------+-------------------------------------------
     0 | D:1      | qw the Ghoul Summoner began the quest for the Orb.
     0 | D:1      | Reached XP level 1. HP: 14/14 MP: 2/2
     0 | D:1      | 0 ||| qw: Version: 0.1-a-113-g051387a
     0 | D:1      | 0 ||| qw: Game counter: 6935
     0 | D:1      | 0 ||| qw: Always use a shield: true
     0 | D:1      | 0 ||| qw: God list: Okawaru
     0 | D:1      | 0 ||| qw: Allow faded altars: false
     0 | D:1      | 0 ||| qw: Do Orc after D:15 true
     0 | D:1      | 0 ||| qw: Do second Lair branch before Depths: true
     0 | D:1      | 0 ||| qw: Lair rune preference: random
     0 | D:1      | 0 ||| qw: Plans: Normal
     0 | D:1      | 0 ||| PLANNING D:1-11
    29 | D:1      | 29 ||| Wielding weapon +0 mace.
    33 | D:1      | 33 ||| CASTING Summon Small Mammal
    34 | D:1      | 34 ||| CASTING Summon Small Mammal
    67 | D:1      | 67 ||| Stepping ~*~*~tactically~*~*~ (hiding).
    76 | D:1      | 76 ||| CASTING Summon Small Mammal
    77 | D:1      | 77 ||| CASTING Summon Small Mammal
    80 | D:1      | Reached skill level 1 in Axes
   101 | D:1      | 101 ||| CASTING Summon Small Mammal
   102 | D:1      | 102 ||| CASTING Summon Small Mammal
   108 | D:1      | 108 ||| Stepping ~*~*~tactically~*~*~ (outnumbered).
   113 | D:1      | 113 ||| CASTING Summon Small Mammal
   114 | D:1      | HP: 3/14 [constriction (1)]
   115 | D:1      | Slain by a quokka

Levels and vault maps discovered:
D:1:      denvon_arrival_planthouse, layout_basic, minmay_misc_feat_plants,
          st_stairs_11, chequers_garden, minmay_tripent

Skill      XL: |  1 |
---------------+----+-----
Axes           | 1 |  1.0
Dodging        | |  1.7
Stealth        | |  2.1
Spellcasting   | |  1.7
Summonings     | |  3.6

Action                   || total
-------------------------++-------
Melee: Mace              ||    10
 Cast: Summon Small Mamm ||     6
Armor: Robe              ||     1
Dodge: Dodged            ||    21

Table legend:
 A = Non-vault XP
 B = Vault XP
 C = Vault XP percentage of total XP
 D = Non-vault monster count
 E = Vault monster count
 F = Vault count percentage of total count
                 A         B        C        D         E       F
            +---------+---------+-------+---------+---------+-------
      Total |       4 |       2 |  33.3 |       1 |       1 |  50.0
            +---------+---------+-------+---------+---------+-------
        D:1 |       4 |       2 |  33.3 |       1 |       1 |  50.0
            +---------+---------+-------+---------+---------+-------
